 Dungeon Crawl Stone Soup version 0.24.1-14-gf8d2b509d9 (console) character file.

Game seed: 6815717504956415163, levelgen mode: deterministic

213322 Kagalorn the Severer (level 18, -14/168 HPs)
             Began as a Minotaur Wanderer on Mar 16, 2021.
             Was the Champion of the Shining One.
             Killed from afar by Aizul (24 damage)
             ... with a bolt of poison
             ... on level 2 of the Snake Pit.
             The game lasted 01:20:52 (34313 turns).

Kagalorn the Severer (Minotaur Wanderer)           Turns: 34313, Time: 01:20:55

Health: -14/168    AC: 22    Str: 24    XL:     18   Next: 27%
Magic:  12/27      EV: 17    Int: 10    God:    the Shining One [******]
Gold:   2432       SH: 16    Dex: 10    Spells: 17/17 levels left

rFire    + . .     SeeInvis .   a - +0 broad axe (freeze)
rCold    . . .     Gourm    .   T - +2 shield
rNeg     + + +     Faith    .   r - +1 chain mail {rF+}
rPois    .         Spirit   .   (helmet restricted)
rElec    .         Reflect  .   J - +0 cloak
rCorr    .         Harm     .   B - +0 pair of gloves
MR       +....                  Z - +2 pair of boots {Fly}
Stlth    ..........             c - amulet of regeneration
HPRegen  0.78/turn              I - ring of poison resistance
MPRegen  0.20/turn              O - +4 ring of evasion

@: lethally poisoned (-14 -> -16), poison vulnerable, flying, very slightly
contaminated, glowing
A: retaliatory headbutt, horns 2
}: 1/15 runes: decaying
a: Divine Shield, Cleansing Flame, Summon Divine Warrior, Renounce Religion,
Stop Flying


You were on level 2 of the Snake Pit.
You worshipped the Shining One.
The Shining One was exalted by your worship.
You were not hungry.

You visited 6 branches of the dungeon, and saw 30 of its levels.

You collected 3104 gold pieces.
You spent 672 gold pieces at shops.

Inventory:

Hand Weapons
 a - a +0 broad axe of freezing (weapon)
 b - a +1 morningstar
 w - a +2 broad axe of holy wrath
Missiles
 e - 13 javelins
 q - a throwing net
 y - 31 boomerangs (quivered)
 E - 5 silver boomerangs
 W - 496 bolts
Armour
 r - a +1 chain mail of fire resistance (worn)
 B - a +0 pair of gloves (worn)
 J - a +0 cloak (worn)
 T - a +2 shield (worn)
 Z - a +2 pair of boots of flying (worn)
Jewellery
 c - an amulet of regeneration (around neck)
 m - an uncursed ring of protection from fire
 s - an uncursed ring of protection from magic
 t - a +3 ring of protection
 u - an uncursed ring of flight
 H - an uncursed ring of protection from magic
 I - a ring of poison resistance (left hand)
 O - a +4 ring of evasion (right hand)
 P - an uncursed ring of protection from fire
Wands
 p - a wand of flame (69)
 K - a wand of scattershot (9)
 L - a wand of iceblast (4)
 X - a wand of digging (8)
Scrolls
 d - 4 scrolls of teleportation
 k - 18 scrolls of remove curse
 v - 6 scrolls of enchant armour
 x - a scroll of fog
 A - 7 scrolls of enchant weapon
 C - 2 scrolls of blinking
 D - 8 scrolls of magic mapping
 M - 2 scrolls of fear
 S - a scroll of summoning
 Y - 2 scrolls of identify
Potions
 f - 7 potions of haste
 g - 4 potions of heal wounds
 n - 14 potions of curing
 o - 3 potions of magic
 z - 2 potions of might
 F - a potion of resistance
 G - a potion of cancellation
 Q - 3 potions of agility
 R - 2 potions of mutation
 U - 3 potions of brilliance
 V - 3 potions of lignification
Miscellaneous
 i - a box of beasts
Comestibles
 h - 23 rations


   Skills:
 + Level 16.8 Fighting
 - Level 18.0 Axes
 + Level 16.8 Armour
 - Level 10.0 Dodging
 - Level 1.5 Stealth
 - Level 15.0 Shields
 - Level 1.1 Unarmed Combat
 - Level 14.0 Invocations


You had 17 spell levels left.
You didn't know any spells.
Your spell library contained the following spells:

 Spells                   Type           Power        Failure   Level  Hunger
 Animate Skeleton         Necr           N/A          82%         1    ##.....
 Apportation              Tloc           #.....       82%         1    ##.....
 Confusing Touch          Hex            #.....       82%         1    ##.....
 Sandblast                Erth           #.....       82%         1    ##.....
 Sting                    Conj/Pois      #...         82%         1    ##.....
 Summon Small Mammal      Summ           #...         82%         1    ##.....
 Ensorcelled Hibernation  Hex/Ice        #.....       91%         2    ###....
 Swiftness                Chrm/Air       #.......     91%         2    ###....
 Inner Flame              Hex/Fire       #.......     99%         3    ####...
 Spider Form              Tmut/Pois      #.........   99%         3    ####...
 Olgreb's Toxic Radiance  Pois           #.......     100%        4    #####..
 Summon Lightning Spire   Summ/Air       #.......     100%        4    #####..
 Bolt of Magma            Conj/Fire/Erth #.........   100%        5    ######.
 Borgnjor's Vile Clutch   Necr/Erth      #.........   100%        5    ######.
 Iskenderun's Battlesphe  Conj/Chrm      #.......     100%        5    ######.
 Silence                  Hex/Air        #.........   100%        5    ######.
 Venom Bolt               Conj/Pois      #.........   100%        5    ######.
 Conjure Ball Lightning   Conj/Air       #.........   100%        6    #######
 Darkness                 Hex            #.........   100%        6    #######
 Deflect Missiles         Chrm/Air       #.........   100%        6    #######
 Freezing Cloud           Conj/Ice/Air   #.........   100%        6    #######
 Iron Shot                Conj/Erth      #.........   100%        6    #######
 Shadow Creatures         Summ           N/A          100%        6    #######
 Statue Form              Tmut/Erth      #........    100%        6    #######
 Orb of Destruction       Conj           #.........   100%        7    #######
 Spellforged Servitor     Conj/Summ      #.........   100%        7    #######
 Tornado                  Air            #.........   100%        9    #######


Dungeon Overview and Level Annotations

Branches:
Dungeon (15/15)            Temple (1/1) D:7            Lair (6/6) D:10
  Swamp (4/4) Lair:3        Snake (2/4) Lair:2        Slime (0/5) Lair:6
    Orc (2/2) D:9             Elf (0/3) Orc:2        Vaults (0/5) D:13
 Depths (0/5) D:15

Altars:
Ashenzari
Cheibriados
Dithmenos
Elyvilon
Fedhas
Gozag
Hepliaklqana
Kikubaaqudgha
Makhleb
Nemelex Xobeh
Okawaru
Qazlal
Ru
Sif Muna
Trog
Uskayaw
Vehumet
Wu Jian
Xom
Yredelemnul
Zin
The Shining One

Shops:
D:4 [   D:8 %   Orc:2 :((!

Portals:
Trove: D:15 (give horn of Geryon)

Annotations:
D:4 1 runed translucent door
Swamp:1 2 transporters
Swamp:4 Roxanne
Snake:2 Aizul


Innate Abilities, Weirdness & Mutations

You reflexively headbutt those who attack you in melee.
You have a pair of horns on your head.


Message History

Your angel hits Aizul with a +1 whip of holy wrath! x2
Aizul coils herself and waves her upper body at you.
The poison arrow hits your angel!
Your angel partially resists.
Your angel looks even sicker.
The naga spits poison at you.
The splash of poison hits you but does no damage.
You are poisoned.
Your daeva barely misses the naga.
Your daeva hits the naga with a +5 scimitar of holy wrath!
The naga dies!
Your angel hits Aizul with a +1 whip of holy wrath!!
Your angel hits Aizul with a +1 whip of holy wrath.
Aizul completely misses your angel.
You feel sick.
Your angel gestures.
Your angel is healed somewhat.
Aizul casts a spell at you. The bolt of poison hits your angel!
The bolt of poison hits you!!
You are more poisoned.
You die...

## .# .# .# ##.#
#)A# #########.
#}# #...PPP.#.##.#
#.≈≈.)≈≈P.##@#
##..÷♣≈♣≈PP##A#
#..(♣♣♣♣P≈..#S#
#..))♣ ♣≈PPP.N#
##..)÷♣ ♣♣≈P..##
###...)≈♣♣♣P.≈..#
#....≈†≈♣≈≈≈≈.#.#
.....#)†≈≈≈P.##.##
.####..)≈..≈##...#


You could see Aizul, a naga warrior, a friendly daeva and a friendly angel.

Vanquished Creatures
  the Lernaean hydra (Swamp:4)
  A tentacled monstrosity (Swamp:3)
  Kirke (Snake:2)
  A thorn hunter (Swamp:2)
  Nessos (D:15)
  The ghost of LemonRage the Destroyer, a journeyman DEFE of Sif Muna (Lair:6)
  The ghost of Kagalorn the Thaumaturge, a journeyman GnWn of Ashenzari (Lair:2)
  Josephine (Lair:4)
  An ogre mage (D:15)
  The ghost of NeAGen181 the Summoner, a journeyman TeSu of the Shining One (Lair:3)
  16 hydras
  2 naga warriors
  4 vault guards
  4 centaur warriors
  2 death knights
  4 anacondas
  A shambling mangrove (Swamp:2)
  A ghost crab (Swamp:3)
  12 two-headed ogres
  9 alligators
  2 catoblepae (Lair:2)
  13 death yaks
  A queen ant (Lair:1)
  A dancing weapon (Lair:6)
  A vampire mage (D:15)
  2 tengu warriors
  4 shock serpents
  2 naga sharpshooters (Snake:2)
  A fire crab (Lair:6)
  A sea snake (Snake:2)
  5 skeletal warriors
  6 unseen horrors
  15 swamp dragons
  4 naga ritualists
  A tengu zombie (D:15)
  7 mana vipers
  A necromancer (D:15)
  4 orc knights (Orc:2)
  A deep elf mage (D:13)
  2 salamanders
  12 ugly things
  3 cyclopes
  2 manticores
  23 elephants
  A fire giant skeleton (D:15)
  3 naga magi (Snake:1)
  A guardian serpent (Snake:2)
  22 black mambas
  A torpor snail (Lair:5)
  18 spiny frogs
  A gargoyle (D:14)
  3 kobold demonologists
  4 rime drakes
  6 komodo dragons
  A freezing wraith (D:14)
  8 trolls
  12 tyrant leeches
  3 meliai (D:14)
  11 polar bears
  12 hornets
  12 bog bodies
  5 blink frogs
  6 dream sheep
  An ettin zombie (D:15)
  8 hippogriffs
  37 slime creatures
  Prince Ribbit (D:7)
  A meliai zombie (D:10)
  A vampire (D:14)
  51 yaks
  19 spriggans
  A tarantella (shapeshifter) (D:15)
  5 shadows
  A fire dragon skeleton (D:15)
  2 centaur simulacra
  3 humans (Lair:5)
  9 wraiths
  Eustachio (D:5)
  2 basilisks
  3 hungry ghosts
  22 vampire mosquitoes
  7 insubstantial wisps
  2 wargs
  13 swamp worms
  9 soldier ants
  10 nagas
  3 acid dragons
  8 porcupines
  7 water moccasins
  34 orc warriors
  8 black bears
  5 ice beasts
  2 necrophages
  An eye of draining (D:7)
  3 sky beasts
  13 swamp drakes
  7 boggarts
  13 ogres
  4 phantoms
  15 centaurs
  23 wolves
  13 crocodiles
  7 big kobolds
  A wyvern zombie (D:12)
  Blork the orc (D:5)
  25 bullfrogs
  A water moccasin zombie (D:7)
  16 killer bees
  2 wyvern skeletons
  6 scorpions
  16 wights
  2 howler monkeys
  3 electric eels
  10 crimson imps
  5 centaur skeletons
  3 bullfrog zombies
  A quasit (D:7)
  5 centaur zombies
  7 jellies
  4 bullfrog skeletons
  5 hounds
  16 orc priests
  7 iguanas
  31 orc wizards
  42 worker ants
  A killer bee zombie (D:6)
  4 hound skeletons
  2 worker ant zombies
  18 adders
  A gnoll (D:11)
  2 shadow imps
  3 worms
  A dart slug (D:2)
  7 leopard geckos
  82 orcs
  7 bats
  3 giant cockroaches
  5 goblins
  8 hobgoblins
  24 jackals
  21 kobolds
  3 quokkas
  4 ball pythons
  4 frilled lizards
  A leopard gecko zombie (D:6)
  2 rats (D:2)
  7 briar patches (Swamp:2)
  8 fungi
  A plant (Snake:2)
1112 creatures vanquished.

Vanquished Creatures (collateral kills)
  A naga (Snake:2)
1 creature vanquished.

Vanquished Creatures (others)
  A shambling mangrove (Swamp:1)
  A black mamba (Snake:2)
  A hornet (Swamp:1)
  7 humans
  An insubstantial wisp (Swamp:3)
  A briar patch (Swamp:2)
  A bush (Lair:5)
  17 fungi
  21 plants
  2 withered plants (D:15)
53 creatures vanquished.

Grand Total: 1166 creatures vanquished

Notes
Turn   | Place    | Note
-------+----------+-------------------------------------------
     0 | D:1      | Kagalorn the Minotaur Wanderer began the quest for the Orb.
     0 | D:1      | Kagalorn set off with the following items: a +0 club, a
                  | scroll of blinking, a potion of lignification, a scroll of
                  | teleportation, a +0 robe, a potion of haste, a +0 dagger, a
                  | ration
     0 | D:1      | Reached XP level 1. HP: 22/22 MP: 0/0
   159 | D:1      | Reached skill level 5 in Fighting
   159 | D:1      | Reached skill level 1 in Armour
   268 | D:1      | Reached XP level 2. HP: 29/29 MP: 1/1
   572 | D:2      | Found an iron altar of Okawaru.
   583 | D:2      | Reached skill level 1 in Axes
   882 | D:2      | Reached XP level 3. HP: 13/36 MP: 2/2
  1420 | D:2      | Reached skill level 2 in Axes
  1768 | D:2      | Reached XP level 4. HP: 24/42 MP: 3/3
  1976 | D:3      | You fall into a shaft and drop 3 floors!
  2410 | D:5      | Entered Level 5 of the Dungeon
  2442 | D:5      | Reached skill level 3 in Axes
  2574 | D:5      | Noticed Eustachio
  2625 | D:4      | Found a glowing silver altar of Zin.
  2625 | D:4      | Found a runed translucent door.
  2625 | D:4      | Noticed an angel
  2658 | D:4      | Reached XP level 5. HP: 28/50 MP: 4/4
  3703 | D:3      | Reached skill level 4 in Axes
  3748 | D:3      | Reached XP level 6. HP: 57/57 MP: 5/5
  4112 | D:4      | Found Yfiuliad's Antique Armour Boutique.
  4240 | D:4      | Found a blossoming altar of Fedhas.
  4622 | D:5      | Reached skill level 5 in Axes
  4838 | D:4      | Reached XP level 7. HP: 50/64 MP: 6/6
  4949 | D:5      | Killed Eustachio
  5066 | D:5      | Found a shadowy altar of Dithmenos.
  5123 | D:5      | Found an ancient bone altar of Kikubaaqudgha.
  5373 | D:5      | Noticed Blork the orc
  5382 | D:5      | Killed Blork the orc
  5382 | D:5      | Reached skill level 6 in Axes
  5647 | D:6      | Noticed a hippogriff
  5665 | D:6      | Killed a hippogriff
  5665 | D:6      | Reached XP level 8. HP: 60/73 MP: 7/7
  5744 | D:6      | Reached skill level 5 in Armour
  5807 | D:6      | Reached skill level 7 in Axes
  5807 | D:6      | Reached skill level 5 in Shields
  6209 | D:7      | You fall into a shaft and drop 1 floor!
  6219 | D:8      | Reached skill level 8 in Axes
  6276 | D:8      | Noticed a hippogriff
  6293 | D:7      | Killed a hippogriff
  6322 | D:7      | Found a staircase to the Ecumenical Temple.
  6331 | Temple   | Entered the Ecumenical Temple
  6423 | Temple   | Became a worshipper of the Shining One
  6506 | D:7      | Reached XP level 9. HP: 67/81 MP: 8/8
  6930 | D:7      | Found a hazy altar of Hepliaklqana.
  7015 | D:7      | Noticed Prince Ribbit
  7025 | D:7      | Killed Prince Ribbit
  7025 | D:7      | Reached skill level 9 in Axes
  7025 | D:7      | Reached skill level 1 in Invocations
  7539 | D:8      | Reached skill level 10 in Axes
  7671 | D:8      | Reached * piety under the Shining One
  7776 | D:7      | Reached XP level 10. HP: 51/90 MP: 11/11
  8096 | D:8      | Found Ilanauk's Food Shop.
  8246 | D:9      | Found a staircase to the Orcish Mines.
  8492 | D:8      | Paralysed by a hornet for 2 turns
  8668 | D:9      | Reached skill level 11 in Axes
  8941 | D:9      | Found a transporter.
  8945 | D:9      | Found a transporter.
  9164 | D:9      | Reached ** piety under the Shining One
  9250 | D:9      | Found a sparkling altar of Nemelex Xobeh.
  9355 | D:9      | Found a white marble altar of Elyvilon.
  9355 | D:9      | Found a stormy altar of Qazlal.
  9356 | D:9      | Found a burning altar of Makhleb.
  9544 | D:9      | Found a snail-covered altar of Cheibriados.
  9816 | D:10     | Entered Level 10 of the Dungeon
  9838 | D:10     | Noticed a two-headed ogre
 10053 | D:9      | Killed a two-headed ogre
 10053 | D:9      | Reached skill level 10 in Fighting
 10053 | D:9      | Reached skill level 12 in Axes
 10053 | D:9      | Reached XP level 11. HP: 89/98 MP: 13/13
 10101 | D:10     | Reached skill level 5 in Invocations
 10284 | D:10     | Noticed a two-headed ogre
 10302 | D:10     | Killed a two-headed ogre
 10432 | D:10     | Found a staircase to the Lair.
 10866 | D:11     | Noticed a death knight
 10866 | D:11     | Reached *** piety under the Shining One
 11514 | D:10     | Killed a death knight
 11730 | Lair:1   | Entered Level 1 of the Lair of Beasts
 11886 | Lair:1   | Got a smoking hunting sling
 11961 | Lair:1   | Reached skill level 13 in Axes
 12088 | Lair:1   | Noticed a four-headed hydra
 12103 | Lair:1   | Killed a four-headed hydra
 12272 | Lair:1   | Identified the cursed +1 hunting sling of Famine {freeze,
                  | rElec Str+4 Dex+4} (You found it on level 1 of the Lair of
                  | Beasts)
 12832 | Lair:2   | Noticed a five-headed hydra
 12999 | Lair:2   | Reached skill level 10 in Shields
 13002 | Lair:2   | Noticed a queen ant
 13026 | Lair:1   | Killed a queen ant
 13026 | Lair:1   | Reached skill level 10 in Armour
 13300 | Lair:2   | Reached XP level 12. HP: 95/105 MP: 15/15
 13328 | Lair:2   | Reached skill level 16 in Axes
 13328 | Lair:2   | Reached XP level 13. HP: 112/112 MP: 17/17
 13329 | Lair:2   | Reached skill level 17 in Axes
 13329 | Lair:2   | Reached XP level 14. HP: 120/120 MP: 18/18
 13634 | Lair:2   | Found a runed translucent door.
 13636 | Lair:2   | Noticed Kagalorn's ghost (journeyman GnWn)
 13780 | Lair:2   | Found a staircase to the Snake Pit.
 14683 | Lair:3   | Found a runed translucent door.
 14683 | Lair:3   | Noticed NeAGen181's ghost (journeyman TeSu)
 14814 | Lair:3   | Reached **** piety under the Shining One
 15023 | Lair:3   | Found a staircase to the Swamp.
 15447 | Lair:3   | Killed NeAGen181's ghost
 15508 | Lair:4   | Reached skill level 18 in Axes
 16143 | Lair:4   | Noticed Josephine
 16152 | Lair:4   | Killed Josephine
 16732 | Lair:5   | Reached skill level 10 in Invocations
 16782 | Lair:5   | Found a shattered altar of Ashenzari.
 18269 | Lair:6   | Entered Level 6 of the Lair of Beasts
 18279 | Lair:6   | Reached XP level 15. HP: 114/125 MP: 22/22
 18808 | Lair:6   | Reached ***** piety under the Shining One
 18948 | Lair:6   | Found a runed translucent door.
 18948 | Lair:6   | Found a shimmering altar of Xom.
 18948 | Lair:6   | Noticed LemonRage's ghost (journeyman DEFE)
 19229 | Lair:6   | Reached skill level 15 in Shields
 19727 | Lair:6   | Got a blackened long sword
 19935 | Lair:6   | Found a staircase to the Slime Pits.
 20821 | D:11     | Found a blossoming altar of Fedhas.
 21300 | D:11     | Identified Xughiurch's Papyrus of Dusty Contamination
 21303 | D:11     | Got a pitted war axe
 21369 | D:11     | Identified the cursed +0 war axe "Dopi" {flame, -Tele rC+
                  | Str+6} (You found it on level 11 of the Dungeon)
 21704 | D:12     | Reached ****** piety under the Shining One
 21717 | D:12     | Identified a +2 broad axe of holy wrath (a +0 broad axe of
                  | venom blessed by the Shining One)
 21717 | D:12     | Received a gift from the Shining One
 22549 | D:13     | Found a gate to the Vaults.
 22702 | D:13     | You fall into a shaft and drop 2 floors!
 22702 | D:15     | Entered Level 15 of the Dungeon
 22764 | D:15     | Reached XP level 16. HP: 135/135 MP: 25/25
 22898 | D:15     | Reached skill level 5 in Dodging
 24927 | D:15     | Noticed Nessos
 24965 | D:15     | Killed Nessos
 25110 | D:15     | Found a staircase to the Depths.
 25526 | D:15     | Found a portal to a secret trove of treasure.
 26112 | D:9      | Identified a scroll of acquirement
 26252 | Orc:1    | Entered Level 1 of the Orcish Mines
 26533 | Orc:2    | Entered Level 2 of the Orcish Mines
 26549 | Orc:2    | Found a staircase to the Elven Halls.
 27755 | Orc:2    | Found Jaynwyb's Weapon Shop.
 27755 | Orc:2    | Found Gorhaluu's Antique Weapon Emporium.
 27755 | Orc:2    | Found Motrumud's Book Shoppe.
 27759 | Orc:2    | Found Raxiu's Distillery.
 27771 | Orc:2    | Bought a potion of curing for 42 gold pieces
 27771 | Orc:2    | Bought a potion of mutation for 112 gold pieces
 27771 | Orc:2    | Bought a potion of curing for 42 gold pieces
 27771 | Orc:2    | Bought a potion of mutation for 112 gold pieces
 27771 | Orc:2    | Bought a potion of haste for 140 gold pieces
 27771 | Orc:2    | Bought 2 potions of curing for 84 gold pieces
 27771 | Orc:2    | Bought a potion of haste for 140 gold pieces
 28154 | Lair:2   | Killed Kagalorn's ghost
 28444 | Lair:6   | Killed LemonRage's ghost
 28562 | Swamp:1  | Entered Level 1 of the Swamp
 28631 | Swamp:1  | Reached XP level 17. HP: 67/149 MP: 26/26
 28898 | Swamp:1  | Found a transporter.
 28929 | Swamp:1  | Found a transporter.
 29525 | Swamp:2  | Reached skill level 10 in Dodging
 30141 | Swamp:2  | HP: 5/151 [six-headed hydra (3)]
 30141 | Swamp:2  | HP: 1/151 [six-headed hydra (4)]
 30629 | Swamp:3  | Noticed a tentacled monstrosity
 30642 | Swamp:3  | Killed a tentacled monstrosity
 30812 | Swamp:3  | Identified Udghome's Grimoire of Blistering Flight
 31047 | Swamp:4  | Entered Level 4 of the Swamp
 31303 | Swamp:4  | Reached skill level 15 in Armour
 31408 | Swamp:4  | Reached skill level 15 in Fighting
 31594 | Swamp:4  | Noticed the 27-headed Lernaean hydra
 31627 | Swamp:4  | Killed the 27-headed Lernaean hydra
 31634 | Swamp:4  | HP: 5/155 [seven-headed hydra (10)]
 31639 | Swamp:4  | HP: 7/155 [seven-headed hydra (1)]
 31640 | Swamp:4  | HP: 2/155 [seven-headed hydra (6)]
 31954 | Swamp:4  | Noticed Roxanne
 32137 | Swamp:4  | Got a decaying rune of Zot
 32512 | Snake:1  | Entered Level 1 of the Snake Pit
 32858 | Snake:1  | Found a shimmering altar of Xom.
 33217 | Snake:1  | Reached XP level 18. HP: 165/165 MP: 27/27
 33766 | Snake:2  | Noticed Aizul
 33768 | Snake:2  | Noticed Kirke
 33828 | Snake:2  | Killed Kirke
 34298 | Snake:2  | HP: 7/167 [poisoned by Aizul (poison arrow)]
 34306 | Snake:2  | HP: 5/168 [Aizul/bolt of poison (12)]
 34313 | Snake:2  | Killed from afar by Aizul

Levels and vault maps discovered:
D:1:      saegor_arrival_simple_e, layout_basic
D:2:      layout_basic, okawaru_ov_weapons_minmay
D:3:      layout_basic, minmay_ruptured
D:4:      layout_basic, nicolae_overflow_crystal_walls, first_ration,
          serial_shops, nicolae_shop_overgrown_old_shop,
          eino_small_chamber_without_monster, lemuel_angel_altar
D:5:      layout_loops_corners, grunt_dithmenos_smoke, lemuel_round_altar,
          uniq_blork_the_orc, uniq_eustachio
D:6:      layout_basic, minmay_misc_feat_iff
D:7:      layout_gridville, lemuel_coloured_pillars_altar,
          minmay_temple_entry_glass, serial_co_window_serial,
          co_window_corner_a, co_window_corner_a, co_window_corner_a,
          co_window_of_opportunity_a, co_window_corner_a, co_window_corner_a,
          co_window_cross_1, co_window_paths_b, co_window_paths_a,
          co_window_broadway_c, co_window_2corner, co_window_of_opportunity_b,
          co_window_paths_e, glass_columns_b, glass_columns_c, glass_columns_c,
          uniq_prince_ribbit1
D:8:      layout_rooms, serial_shops, shop
D:9:      gammafunk_jiyva_shrine, layout_basic, nicolae_overflow_hidden_temple,
          gammafunk_temple_overflow_claw, orc_david_3,
          hangedman_pestilent_swarm, cheibriados_altar_1
D:10:     layout_loops_ring, minmay_lair_entry_grove, minivault_26
D:11:     minmay_the_grid_triangle_9x9_recursive_3_mashed
          [minmay_the_grid_triangle_9x9_negative_grid,
          minmay_the_grid_triangle_9x9_zippers_vertical,
          minmay_the_grid_triangle_9x9_intruding_spiral,
          minmay_the_grid_triangle_9x9_prize_schism,
          minmay_the_grid_triangle_9x9_wacky_v,
          minmay_the_grid_triangle_9x9_shrine,
          minmay_the_grid_triangle_9x9_sparse_checkered,
          minmay_the_grid_triangle_9x9_impossible_snake,
          minmay_the_grid_triangle_9x9_odd_lines], layout_basic,
          kennysheep_generic_room_4
D:12:     layout_basic
D:13:     layout_irregular_city, lightli_vaults_fourway_checkpoint
D:14:     layout_irregular_city, columned_hall_lemuel
D:15:     gammafunk_depths_entry_grave, layout_stronghold,
          nicolae_trove_entry_free_sample, kennysheep_flooded_box,
          minmay_fractal_squares_gapless_7, uniq_nessos
Temple:   nicolae_temple_great_sept
Lair:1:   layout_long_grid, grunt_megastairs_4
Lair:2:   beast_lair_carwin_large_2, layout_loops_ring, dummy_snake_entry,
          ebering_ghost_inner_flame, serial_rivers,
          chequers_serial_rivers_large_a, chequers_serial_rivers_room_a,
          chequers_serial_rivers_small_3, chequers_serial_rivers_small_3,
          chequers_serial_rivers_micro_a, chequers_serial_rivers_marsh,
          zaba_antful_of_joy, lemuel_fruit_tree
Lair:3:   layout_cave_pods, minmay_swamp_entry_reptiles,
          ebering_ghost_inner_flame
Lair:4:   layout_long_grid, serial_bayou_shore_a, infiniplex_staircase_pool,
          uniq_josephine
Lair:5:   slaughterhouse, layout_regular_city, basic_altar, serial_bayou_pond_c
Lair:6:   minmay_lair_end_enchanted_forest, layout_small_grid,
          minmay_slime_entry_pillars, ebering_ghost_xom,
          grunt_forest_large_clearing_hut, serial_bayou_shore_b
Swamp:1:  gammafunk_the_bubble [the_bubble_gammafunk_split], layout_basic_swamp,
          evilmike_swamp_ruin_house_1, infiniplex_staircase_pool_2
Swamp:2:  layout_basic_swamp, evilmike_swamp_ruin_house_2
Swamp:3:  layout_basic_swamp, hangedman_swamp_blocks
Swamp:4:  swamp_old_school, layout_basic_swamp, swamp_pool1, uniq_roxanne
Snake:1:  layout_chambers, basic_altar
Snake:2:  layout_onion_interference, serial_bayou_pond_c, nicolae_snake_springs,
          uniq_aizul, uniq_kirke
Orc:1:    layout_diamond_mine, serial_shops
Orc:2:    st_orc_rangers, layout_caves, guppyfry_library_mini

Skill      XL: |  1  2  3  4  5  6  7  8  9 10 11 12 13 14 15 16 17 |
---------------+----------------------------------------------------+-----
Fighting       | 5 6 7 8 9 10 13 16 | 16.8
Armour         | 1 2 3 4 6 7 8 10 13 16 | 16.8
Axes           | 1 2 3 4 5 6 8 10 12 13 16 17 18 | 18.0
Shields        | 2 3 4 6 7 8 10 11 14 15 | 15.0
Invocations    | 3 4 6 7 11 14 | 14.0
Dodging        | 4 9 10 | 10.0
Stealth        | |  1.5
Unarmed Combat | |  1.1

Action                   |  1- 3 |  4- 6 |  7- 9 | 10-12 | 13-15 | 16-18 || total
-------------------------+-------+-------+-------+-------+-------+-------++-------
Melee: Dagger            |    21 |       |       |       |       |       ||    21
       Headbutt          |     3 |    23 |    58 |    83 |   279 |   334 ||   780
       Hand axe          |    64 |   213 |   377 |    24 |       |       ||   678
       War axe           |       |       |       |   530 |  1154 |       ||  1684
       Morningstar       |       |       |       |     6 |    26 |   172 ||   204
       Broad axe         |       |       |       |       |   145 |  1385 ||  1530
       Punch             |       |       |       |       |     1 |       ||     1
Throw: Boomerang         |       |       |       |     5 |       |       ||     5
Invok: Divine Shield     |       |       |       |     1 |       |       ||     1
       Brand Weapon With |       |       |       |       |     1 |       ||     1
       Summon Divine War |       |       |       |       |       |     5 ||     5
 Abil: Stop Flying       |       |       |       |       |       |     1 ||     1
       Evoke Flight      |       |       |       |       |       |     1 ||     1
Evoke: Wand              |       |       |       |     1 |       |     7 ||     8
       Phantom mirror    |       |       |       |       |       |     1 ||     1
  Use: Scroll            |     1 |     4 |     3 |    11 |    13 |    15 ||    47
       Potion            |       |     2 |       |     1 |     1 |     4 ||     8
 Stab: Sleeping          |       |     2 |       |       |       |       ||     2
  Eat: Chunk             |     2 |     6 |     8 |     3 |    22 |     5 ||    46
       Ration            |       |     1 |     1 |     6 |     3 |    10 ||    21
Armor: Robe              |    14 |     7 |       |       |       |       ||    21
       Skin              |       |    18 |       |       |       |       ||    18
       Chain mail        |       |    45 |   106 |       |    48 |   445 ||   644
       Plate armour      |       |       |    54 |   265 |   431 |       ||   750
Dodge: Dodged            |    54 |    44 |    69 |    97 |   360 |   640 ||  1264
Block: Buckler           |    10 |       |       |       |       |       ||    10
       Shield            |       |    94 |   174 |   298 |   827 |  1078 ||  2471
